cohdb
Replays
Latest Replays
All Replays
Popular Replays
Top Player Replays
Match Explorer
How It Works
Community
CoH3 Stats
Reddit
Sign in to upload your games and track your stats! →
Sign in with Steam
Match 31746023
Unlisted
Match 31746023
Overview
Messages
Build Orders
End
Construct Infanterie Kompanie
Selects Breakthrough Battlegroup
Selects Assault Grenadiers
Grenadier Squad
Grenadier Squad
Grenadier Squad
Medical Station
GrW 34 Mortar Team
Infanterie Officer Quarters
MG 42 Machine Gun Team
Selects Breakthrough
Grenadier Squad
Construct Panzergrenadier Kompanie
Construct Panzer Kompanie
Stoßtruppen Squad
Panzer IV Medium Tank
Selects Rapid Production
Selects Incendiary Bombing Run
Stoßtruppen Squad
Panzer IV Medium Tank
Incendiary Bombing Run
Sturmpanzer IV Brummbär
Selects Blitzkrieg
Breakthrough
Incendiary Bombing Run
Microsoft Outlook
Microsoft Office Excel
Microsoft Office Word
timmy
drP
Peppered Angus
0
0
Comments
sign in to comment!
No comments posted yet!